AoeStats
← kingnick8238

Oasis

509682781Analyzed
4v4 RM · 3d ago on Sep 27, 2026· 33m 39s· 8 players
Game mode
Random Map
Map size
Large (8 player)
Population
200
Speed
Normal
Resources
Standard
Victory
Conquest
Starting age
Dark Age
Ending age
Imperial Age
RankedLock teamsTeams togetherTeam positionsShared explorationLock speedFull tech treeHidden civsTurbo modeCheats
Victory
Defeat
1227
+8
🇩🇪 Britons · Germany
1062
+14
🇩🇪 Huns · Germany
1044
+15
🇩🇪 Vietnamese · Germany
848
+23
🇳🇱 Persians · Netherlands
1020
-15
🇳🇱 Britons · Netherlands
1016
-15
🇹🇼 Mongols · Taiwan
1016
-15
🇬🇧 Varangians · United Kingdom
1013
-15
Brooony
10:27 Feudal Age
15:56 Castle Age
15:17 Double-Bit Axe
17:24 Bloodlines
21:32 Forging
23:37 Scale Barding Armor
26:19 Gold Mining
27:07 Wheelbarrow
26:18 Loom
31:03 Bow Saw
julian
7:12 Loom
9:48 Feudal Age
11:26 Double-Bit Axe
16:35 Castle Age
14:48 Horse Collar
17:27 Bow Saw
22:31 Bloodlines
25:44 Gold Mining
27:53 Scale Barding Armor
28:03 Husbandry
28:47 Forging
33:45 Imperial Age
32:29 Wheelbarrow
auuuustyn
10:53 Feudal Age
14:38 Castle Age
13:01 Double-Bit Axe
13:00 Horse Collar
13:19 Stone Mining
13:59 Gold Mining
16:47 Fletching
22:44 Loom
25:51 Bodkin Arrow
Ryu
7:24 Loom
10:26 Feudal Age
22:44 Castle Age
[Sacred Fart] Turk Turkelton
8:16 Loom
10:27 Feudal Age
10:42 Champi Runner
11:08 Horse Collar
11:14 Double-Bit Axe
12:37 Scale Mail Armor
12:48 Forging
19:46 Wheelbarrow
22:36 Castle Age
20:37 Town Watch
22:46 Champi Warrior
23:28 Squires
23:45 Chain Mail Armor
24:06 Iron Casting
23:43 Bow Saw
23:34 Heavy Plow
24:45 Hand Cart
27:01 Gold Mining
kingnick8238
11:27 Feudal Age
16:47 Castle Age
14:33 Loom
14:40 Horse Collar
14:47 Double-Bit Axe
18:02 Gold Mining
18:14 Heavy Plow
18:26 Bow Saw
19:43 Town Watch
21:36 Bloodlines
23:01 Scale Barding Armor
23:43 Forging
26:47 Wheelbarrow
26:36 Chain Barding Armor
29:15 Iron Casting
28:03 Pikeman
30:54 Hand Cart
30:40 Town Patrol
30:44 Husbandry
Texler
11:24 Feudal Age
11:25 Loom
12:25 Horse Collar
12:35 Double-Bit Axe
19:47 Castle Age
21:04 Pikeman
22:45 Bow Saw
22:36 Heavy Plow
23:53 Forging
27:20 Scale Mail Armor
27:56 Iron Casting
29:01 Chain Mail Armor
28:35 Gambesons
28:50 Squires
Beltscharzar
11:37 Feudal Age
18:18 Castle Age
17:17 Double-Bit Axe
17:16 Horse Collar
23:27 Wheelbarrow
22:37 Town Watch
22:38 Loom
23:53 Town Watch
26:12 Bow Saw
26:21 Heavy Plow
29:30 Hand Cart
30:44 Town Patrol
34:02 Forging
33:58 Scale Barding Armor
33:49 Fletching
33:59 Padded Archer Armor
Connection lost

Rejoining the realm…

Still unreachable

The connection could not be restored.

Session expired

The server has moved on; the page needs a fresh start.